PL
PHILADELPHIA 1776 BC @ NORTHERN VIRGINIA RAINBOW MERMAIDS
08/19/2039
 
TOP OF THE 1ST
Philadelphia 1776 BC batting - Pitching for Northern Virginia Rainbow Mermaids : RHP Miguel Rubia
Pitching: RHP Miguel Rubia
Batting: LHB David de Meij 0-0: Ball
1-0: Ground out 5-3 (Groundball, 56S, EV 91.9 MPH)
Batting: LHB Jake Grant 0-0: Called Strike
0-1: Ball
1-1: Ball
2-1: Ball
3-1: Called Strike
3-2: Ground out 4-3 (Groundball, 4, EV 78.8 MPH)
Batting: RHB Karl Blanke 0-0: Ball
1-0: Ball
2-0: Swinging Strike
2-1: Foul Ball, location: 2F
2-2: Ball
3-2: Strikes out looking
Top of the 1st over - 0 runs, 0 hits, 0 errors, 0 left on base; Philadelphia 1776 0 - Northern Virginia 0
BOTTOM OF THE 1ST
Northern Virginia Rainbow Mermaids batting - Pitching for Philadelphia 1776 BC : RHP Gilberto Pontojá
Pitching: RHP Gilberto Pontojá
Batting: RHB Mario Castillo 0-0: Called Strike
0-1: Ball
1-1: Called Strike
1-2: Ball
2-2: SINGLE (Groundball, 6MD, EV 98.8 MPH)
Batting: LHB Rylen Roersma 0-0: Foul Ball, location: 2F
0-1: Ball
1-1: Called Strike
1-2: Foul Ball, location: 2F
1-2: Ground out 4-3 (Groundball, 4S, EV 63.8 MPH)
Mario Castillo to second
Batting: RHB Phil McCroskey 0-0: Foul Ball, location: 2F
0-1: Ball
1-1: Reached on error, E4 (Groundball, 4S, EV 68.1 MPH)
Mario Castillo to third
Batting: LHB Ryder Ringor 0-0: Foul Ball, location: 2F
0-1: Called Strike
0-2: Ball
1-2: Strikes out swinging
Batting: RHB Richard Trevithick 0-0: Called Strike
0-1: Foul Ball, location: 2F
0-2: Ball
1-2: Strikes out swinging
Bottom of the 1st over - 0 runs, 1 hit, 1 error, 2 left on base; Philadelphia 1776 0 - Northern Virginia 0
TOP OF THE 2ND
Philadelphia 1776 BC batting - Pitching for Northern Virginia Rainbow Mermaids : RHP Miguel Rubia
Batting: RHB Carlos Mendoza 0-0: Foul Ball, location: 2F
0-1: Ball
1-1: Called Strike
1-2: SINGLE (Line Drive, 78S, EV 87.5 MPH)
Batting: RHB Eddie Sachs 0-0: 2-RUN HOME RUN (Flyball, 78XD, EV 90.0 MPH), Distance : 431 ft
Batting: SHB Eugene Clutch 0-0: Ball
1-0: SINGLE (Line Drive, 8LS, EV 90.6 MPH)
Batting: LHB Guan-pei Bei 0-0: Swinging Strike
Eugene Clutch steals 2nd base
0-1: SINGLE (Groundball, 3D, EV 98.8 MPH)
Eugene Clutch to third
Batting: LHB Hai-feng Tang 0-0: Called Strike
0-1: Ball
1-1: Foul Ball, location: 2F
1-2: SINGLE (Groundball, 4S, EV 66.2 MPH) (infield hit)
Eugene Clutch scores
Guan-pei Bei to second
Batting: RHB Blythe Plumpley 0-0: Ball
1-0: Fielders Choice at 2nd, 6-4 (Groundball, 56, EV 93.8 MPH)
Guan-pei Bei to third
Pitching: LHP Bobby Ruegsegger
Batting: LHB David de Meij 0-0: Foul Ball, location: 2F
0-1: Foul Ball, location: 2F
0-2: Ball
1-2: Foul Ball, location: 2F
1-2: Ball
2-2: Ball
3-2: Foul Ball, location: 2F
3-2: Strikes out swinging
Blythe Plumpley is caught stealing 2nd base 2-6
Batter strikes out.
Top of the 2nd over - 3 runs, 5 hits, 0 errors, 1 left on base; Philadelphia 1776 3 - Northern Virginia 0
BOTTOM OF THE 2ND
Northern Virginia Rainbow Mermaids batting - Pitching for Philadelphia 1776 BC : RHP Gilberto Pontojá
Batting: LHB Tural Bishara 0-0: Called Strike
0-1: Hit by Pitch
Batting: RHB Rob Brooks 0-0: Called Strike
0-1: Ball
1-1: Ball
2-1: Foul Ball, location: 2F
2-2: Strikes out looking
Batting: LHB Tim Stinson 0-0: Called Strike
0-1: Reached on error, E1 (Groundball, 34S, EV 71.2 MPH)
Tural Bishara to second
Batting: RHB José Santos 0-0: Ball
Tural Bishara steals 3rd base
1-0: Ball
2-0: Called Strike
2-1: Ball
3-1: Fly out, F7 (Flyball, 7S, EV 81.2 MPH)
Batting: RHB Mario Castillo 0-0: Ball
1-0: Ball
2-0: Foul Ball, location: 2F
2-1: Swinging Strike
2-2: Strikes out looking
Bottom of the 2nd over - 0 runs, 0 hits, 1 error, 2 left on base; Philadelphia 1776 3 - Northern Virginia 0
TOP OF THE 3RD
Philadelphia 1776 BC batting - Pitching for Northern Virginia Rainbow Mermaids : LHP Bobby Ruegsegger
Batting: LHB Jake Grant 0-0: Ball
1-0: Ball
2-0: Called Strike
2-1: Hit by Pitch
Batting: RHB Karl Blanke 0-0: Ball
1-0: Called Strike
1-1: Foul Ball, location: 2F
1-2: DOUBLE (Line Drive, 3D, EV 107.5 MPH)
Jake Grant to third
Batting: RHB Carlos Mendoza 0-0: Ball
1-0: Foul Ball, location: 2F
1-1: Called Strike
1-2: Strikes out swinging
Batting: RHB Eddie Sachs 0-0: Foul Ball, location: 2F
0-1: Ground out 1-3 (Groundball, P, EV 65.0 MPH)
Batting: SHB Eugene Clutch 0-0: Foul Ball, location: 2F
0-1: Ground out 1-3 (Groundball, 13, EV 93.1 MPH)
Top of the 3rd over - 0 runs, 1 hit, 0 errors, 2 left on base; Philadelphia 1776 3 - Northern Virginia 0
BOTTOM OF THE 3RD
Northern Virginia Rainbow Mermaids batting - Pitching for Philadelphia 1776 BC : RHP Gilberto Pontojá
Batting: LHB Rylen Roersma 0-0: Ball
1-0: Called Strike
1-1: Ball
2-1: Swinging Strike
2-2: Ground out 5-3 (Groundball, 56, EV 97.5 MPH)
Batting: RHB Phil McCroskey 0-0: Swinging Strike
0-1: Foul Ball, location: 2F
0-2: SINGLE (Line Drive, 78S, EV 88.1 MPH)
Batting: LHB Ryder Ringor 0-0: Grounds into double play, 4-6-3 (Groundball, 34, EV 103.8 MPH)
Bottom of the 3rd over - 0 runs, 1 hit, 0 errors, 0 left on base; Philadelphia 1776 3 - Northern Virginia 0
TOP OF THE 4TH
Philadelphia 1776 BC batting - Pitching for Northern Virginia Rainbow Mermaids : LHP Bobby Ruegsegger
Batting: LHB Guan-pei Bei 0-0: Called Strike
0-1: Ball
1-1: Ball
2-1: Fly out, F8 (Flyball, 8LD, EV 92.5 MPH)
Batting: LHB Hai-feng Tang 0-0: Called Strike
0-1: Ball
1-1: Foul Ball, location: 2F
1-2: Ball
2-2: Ground out U3 (Groundball, 3, EV 96.2 MPH)
Batting: RHB Blythe Plumpley 0-0: Ball
1-0: Swinging Strike
1-1: Foul Ball, location: 2F
1-2: SINGLE (Line Drive, 8RS, EV 103.1 MPH)
Batting: LHB David de Meij 0-0: Ball
1-0: Ball
2-0: Called Strike
2-1: Foul Ball, location: 2F
2-2: Ball
3-2: Foul Ball, location: 2F
3-2: Ground out 5-3 (Groundball, 56S, EV 83.8 MPH)
Top of the 4th over - 0 runs, 1 hit, 0 errors, 1 left on base; Philadelphia 1776 3 - Northern Virginia 0
BOTTOM OF THE 4TH
Northern Virginia Rainbow Mermaids batting - Pitching for Philadelphia 1776 BC : RHP Gilberto Pontojá
Batting: RHB Richard Trevithick 0-0: Ball
1-0: Ball
2-0: Ball
3-0: Ground out 2-3 (Groundball, 13S, EV 63.8 MPH)
Batting: LHB Tural Bishara 0-0: Called Strike
0-1: Ball
1-1: Ball
2-1: Called Strike
2-2: Fly out, F6 (Line Drive, 6, EV 61.2 MPH)
Batting: RHB Rob Brooks 0-0: Ball
1-0: Ball
2-0: Fly out, F8 (Flyball, 78M, EV 87.5 MPH)
Bottom of the 4th over - 0 runs, 0 hits, 0 errors, 0 left on base; Philadelphia 1776 3 - Northern Virginia 0
TOP OF THE 5TH
Philadelphia 1776 BC batting - Pitching for Northern Virginia Rainbow Mermaids : LHP Bobby Ruegsegger
Batting: LHB Jake Grant 0-0: Foul Ball, location: 2F
0-1: Foul Ball, location: 2F
0-2: Ball
1-2: Strikes out swinging
Batting: RHB Karl Blanke 0-0: Ball
1-0: Ball
2-0: Foul Ball, location: 2F
2-1: Called Strike
2-2: Foul Ball, location: 2F
2-2: Strikes out swinging
Batting: RHB Carlos Mendoza 0-0: Called Strike
0-1: Ball
1-1: Ball
2-1: Foul Ball, location: 2F
2-2: DOUBLE (Line Drive, 78D, EV 107.5 MPH)
Batting: RHB Eddie Sachs 0-0: Foul Ball, location: 2F
0-1: Ball
1-1: Ball
2-1: Swinging Strike
2-2: Ball
3-2: Base on Balls
Pitching: RHP Javier Ariza
Batting: SHB Eugene Clutch 0-0: Ball
1-0: Ball
2-0: Called Strike
2-1: Fielders Choice at 2nd, 6-4 (Groundball, 6, EV 105.6 MPH)
Top of the 5th over - 0 runs, 1 hit, 0 errors, 2 left on base; Philadelphia 1776 3 - Northern Virginia 0
BOTTOM OF THE 5TH
Northern Virginia Rainbow Mermaids batting - Pitching for Philadelphia 1776 BC : RHP Gilberto Pontojá
Batting: LHB Tim Stinson 0-0: Called Strike
0-1: Ball
1-1: Foul Ball, location: 2F
1-2: Foul Ball, location: 2F
1-2: Ball
2-2: Fly out, F9 (Flyball, 9LM, EV 87.5 MPH)
Batting: RHB José Santos 0-0: Ball
1-0: Ball
2-0: Ball
3-0: SINGLE (Groundball, 6D, EV 100.0 MPH)
Batting: RHB Mario Castillo 0-0: Called Strike
0-1: Called Strike
0-2: Ball
1-2: Ball
2-2: Ball
3-2: DOUBLE (Line Drive, 8LXD, EV 108.8 MPH)
José Santos to third
José Santos scores
Batting: LHB Rylen Roersma 0-0: Called Strike
0-1: Ball
1-1: Ground out 6-3 (Groundball, 6, EV 85.0 MPH)
Mario Castillo to third
Batting: RHB Phil McCroskey 0-0: SINGLE (Groundball, 56S, EV 75.6 MPH) (infield hit)
Mario Castillo scores
Batting: LHB Ryder Ringor 0-0: Ball
1-0: Foul Ball, location: 2F
1-1: Foul Ball, location: 2F
1-2: Ball
Phil McCroskey is caught stealing 2nd base 2-6
Bottom of the 5th over - 2 runs, 3 hits, 0 errors, 0 left on base; Philadelphia 1776 3 - Northern Virginia 2
TOP OF THE 6TH
Philadelphia 1776 BC batting - Pitching for Northern Virginia Rainbow Mermaids : RHP Javier Ariza
Batting: LHB Guan-pei Bei 0-0: Ground out U3 (Groundball, 3, EV 106.9 MPH)
Batting: LHB Hai-feng Tang 0-0: Ball
1-0: Called Strike
1-1: Ground out 4-3 (Groundball, 4, EV 85.0 MPH)
Batting: RHB Blythe Plumpley 0-0: Ball
1-0: Ball
2-0: Foul Ball, location: 2F
2-1: Swinging Strike
2-2: Strikes out swinging
Top of the 6th over - 0 runs, 0 hits, 0 errors, 0 left on base; Philadelphia 1776 3 - Northern Virginia 2
BOTTOM OF THE 6TH
Northern Virginia Rainbow Mermaids batting - Pitching for Philadelphia 1776 BC : RHP Gilberto Pontojá
Batting: LHB Ryder Ringor 0-0: Ball
1-0: Ball
2-0: Called Strike
2-1: Called Strike
2-2: SINGLE (Flyball, 8RS, EV 95.0 MPH)
Batting: RHB Richard Trevithick 0-0: Called Strike
0-1: Ball
1-1: Foul Ball, location: 2F
1-2: Fly out, F9 (Flyball, 9LSF, EV 91.2 MPH)
Batting: LHB Tural Bishara 0-0: Swinging Strike
0-1: Called Strike
0-2: Foul Ball, location: 2F
0-2: Fly out, F9 (Flyball, 89S, EV 83.8 MPH)
Batting: RHB Rob Brooks 0-0: Called Strike
0-1: Ball
1-1: Fielders Choice at 2nd, 6-4 (Groundball, 56, EV 83.8 MPH)
Bottom of the 6th over - 0 runs, 1 hit, 0 errors, 1 left on base; Philadelphia 1776 3 - Northern Virginia 2
TOP OF THE 7TH
Philadelphia 1776 BC batting - Pitching for Northern Virginia Rainbow Mermaids : RHP Javier Ariza
Batting: LHB David de Meij 0-0: Ball
1-0: Ball
2-0: Ball
3-0: Called Strike
3-1: Base on Balls
Batting: LHB Jake Grant 0-0: Foul Ball, location: 2F
0-1: Fly out, F9 (Flyball, 89M, EV 94.4 MPH)
Batting: RHB Karl Blanke 0-0: Foul Ball, location: 2F
0-1: Ball
1-1: Swinging Strike
1-2: Strikes out looking
Batting: RHB Carlos Mendoza 0-0: Called Strike
0-1: Ball
1-1: Ball
2-1: Ball
3-1: Ground out 6-3 (Groundball, 6M, EV 100.0 MPH)
Top of the 7th over - 0 runs, 0 hits, 0 errors, 1 left on base; Philadelphia 1776 3 - Northern Virginia 2
BOTTOM OF THE 7TH
Northern Virginia Rainbow Mermaids batting - Pitching for Philadelphia 1776 BC : RHP Gilberto Pontojá
Pitching: LHP León Vallejo
Batting: LHB Tim Stinson 0-0: Ball
1-0: Ball
2-0: Ball
3-0: Called Strike
3-1: Base on Balls
Pitching: RHP Bligh Madris
Batting: RHB José Santos 0-0: Fly out, F8 (Flyball, 8LXD, EV 95.6 MPH)
Batting: RHB Mario Castillo 0-0: Called Strike
0-1: Swinging Strike
0-2: Foul Ball, location: 2F
0-2: Foul Ball, location: 2F
0-2: Ball
1-2: Foul Ball, location: 2F
1-2: Ball
2-2: 2-RUN HOME RUN (Flyball, 9LD, EV 100.6 MPH), Distance : 331 ft
Batting: LHB Rylen Roersma 0-0: Called Strike
0-1: Ball
1-1: Ball
2-1: Ball
3-1: Base on Balls
Batting: RHB Phil McCroskey 0-0: Ball
Rylen Roersma steals 2nd base
1-0: Ball
2-0: Foul Ball, location: 2F
2-1: Swinging Strike
2-2: Foul Ball, location: 2F
2-2: Strikes out swinging
Batting: LHB Ryder Ringor 0-0: 2-RUN HOME RUN (Flyball, 9D, EV 91.2 MPH), Distance : 364 ft
Batting: RHB Richard Trevithick 0-0: Ball
1-0: Ball
2-0: Called Strike
2-1: Ball
3-1: Called Strike
3-2: Base on Balls
Pitching: RHP Malulani Anakone
Batting: LHB Tural Bishara 0-0: Called Strike
0-1: Called Strike
0-2: Strikes out swinging
Bottom of the 7th over - 4 runs, 2 hits, 0 errors, 1 left on base; Philadelphia 1776 3 - Northern Virginia 6
TOP OF THE 8TH
Philadelphia 1776 BC batting - Pitching for Northern Virginia Rainbow Mermaids : RHP Javier Ariza
Batting: RHB Eddie Sachs 0-0: Ball
1-0: Fly out, F8 (Line Drive, 8RM, EV 104.4 MPH)
Batting: SHB Eugene Clutch 0-0: Foul Ball, location: 2F
0-1: Foul Ball, location: 2F
0-2: Strikes out swinging
Batting: LHB Guan-pei Bei 0-0: Called Strike
0-1: Bunted foul
0-2: Ball
1-2: Ball
2-2: Ball
3-2: Strikes out swinging, 2-3 out at first.
Top of the 8th over - 0 runs, 0 hits, 0 errors, 0 left on base; Philadelphia 1776 3 - Northern Virginia 6
BOTTOM OF THE 8TH
Northern Virginia Rainbow Mermaids batting - Pitching for Philadelphia 1776 BC : RHP Malulani Anakone
Batting: RHB Rob Brooks 0-0: Ball
1-0: Swinging Strike
1-1: Swinging Strike
1-2: Strikes out swinging
Batting: LHB Tim Stinson 0-0: Foul Ball, location: 2F
0-1: Ball
1-1: Swinging Strike
1-2: Foul Ball, location: 2F
1-2: Ground out 6-3 (Groundball, 6, EV 100.6 MPH)
Batting: RHB José Santos 0-0: Called Strike
0-1: Foul Ball, location: 2F
0-2: Strikes out swinging
Bottom of the 8th over - 0 runs, 0 hits, 0 errors, 0 left on base; Philadelphia 1776 3 - Northern Virginia 6
TOP OF THE 9TH
Philadelphia 1776 BC batting - Pitching for Northern Virginia Rainbow Mermaids : RHP Javier Ariza
Pitching: RHP Brewster Warble
Batting: LHB Hai-feng Tang 0-0: Ball
1-0: Called Strike
1-1: Called Strike
1-2: Ball
2-2: Strikes out swinging
Batting: RHB Blythe Plumpley 0-0: Foul Ball, location: 2F
0-1: Called Strike
0-2: Strikes out swinging
Batting: LHB David de Meij 0-0: Called Strike
0-1: Foul Ball, location: 2F
0-2: Ground out 5-3 (Groundball, 56, EV 84.4 MPH)
Top of the 9th over - 0 runs, 0 hits, 0 errors, 0 left on base; Philadelphia 1776 3 - Northern Virginia 6
Wednesday, July 8th, 2020 - OOTP Baseball 20.8 Build 74